 Dungeon Crawl Stone Soup version 0.19-a0-958-gd69d43c (webtiles) character file.

40 CInkIbrahim the Poker (level 3, 24/24 HPs)
             Began as an Octopode Gladiator on July 11, 2016.
             Quit the game on level 2 of the Dungeon.
             The game lasted 00:01:01 (718 turns).

CInkIbrahim the Poker (Octopode Gladiator)           Turns: 718, Time: 00:01:01

Health: 24/24      AC:  1    Str: 14    XL:     3   Next: 50%
Magic:  3/3        EV: 12    Int: 10    God:
Gold:   39         SH:  0    Dex: 10    Spells: 0 memorised, 2 levels left

rFire  . . .     SeeInvis .     a - +0 trident
rCold  . . .     Gourm    .     (no shield)
rNeg   . . .     Faith    .     b - +0 hat
rPois  .         Spirit   .     (no amulet)
rElec  .         Dismiss  .     q - -3 ring of dexterity (curse)
rCorr  .         Reflect  .     (no ring)
SustAt .         Harm     .     (no ring)
MR     .....                    (no ring)
Stlth  ++........               (no ring)
                                (no ring)
                                (no ring)
                                (no ring)

@: not resistant to hostile enchantments, unstealthy
A: almost no armour, amphibious, 8 rings, constrict 8, camouflage 1, gelatinous
body 1
a: no special abilities


You were on level 2 of the Dungeon.
You were not hungry.

You visited 1 branch of the dungeon, and saw 2 of its levels.

You collected 39 gold pieces.

Inventory:

Hand Weapons
 a - a +0 trident (weapon)
Missiles
 c - 3 throwing nets (quivered)
 m - 21 poisoned needles
Armour
 b - a +0 hat (worn)
Jewellery
 q - a cursed -3 ring of dexterity (left tentacle)
Scrolls
 e - a scroll of fear
 g - a scroll of immolation
 h - a scroll of magic mapping {unknown}
 i - a scroll of enchant armour {unknown}
 j - a scroll of fog {unknown}
 n - a scroll of random uselessness {unknown}
 o - a scroll of amnesia
 p - a scroll of noise {unknown}
Comestibles
 d - 5 bread rations
 f - 2 royal jellies
 k - a fruit
 l - a meat ration


   Skills:
 - Level 2.0 Fighting
 + Level 4.4 Polearms
 - Level 2.0 Throwing
 - Level 3.0 Dodging


You had 2 spell levels left.
You didn't know any spells.

Dungeon Overview and Level Annotations

Branches:
Dungeon (2/15)

Altars:


Innate Abilities, Weirdness & Mutations

You cannot wear most types of armour.
You are amphibious.
You can wear up to eight rings at the same time.
You can use your tentacles to constrict eight enemies at once.
Your skin changes colour to match your surroundings (Stealth+).
Your rubbery body absorbs attacks. (AC +1)


Message History

The hobgoblin is too close now for your liking.
A hobgoblin is nearby!
Attack whom?
Press: ? - help, Dir - move target cursor, f - hobgoblin
Aim: a hobgoblin You reach to attack!
You closely miss the hobgoblin.
A hobgoblin is nearby!
You hit the hobgoblin.
You kill the hobgoblin!
q - a pearl ring No target in view!
Put on which piece of jewellery? (? for menu, Esc to quit)
Okay, then.
You aren't carrying any potions.
You aren't carrying any potions.
Put on which piece of jewellery? (? for menu, Esc to quit)
You feel clumsy.
Oops, that ring feels deathly cold.
q - a cursed -3 ring of dexterity (left tentacle) Are you sure you want to abandon this character and quit the game? (Confirm with "yes".)

... #..# ##..# ####
... ##..# ##... #<..
#..#...# #†.# ###.##
#.#.#.###.# ##...# .
#...#.##..######..###
#.#..†.........†...##
#............#######
##...........#
#.....@...<.#
#.#.##>######
#.#.#..# # #....#
..#.## .... .. ## .#


There were no monsters in sight!

Vanquished Creatures
  An ooze (D:1)
  A giant gecko (D:2)
  2 giant cockroaches
  3 goblins (D:1)
  5 hobgoblins
  6 jackals (D:1)
  3 kobolds (D:1)
  4 bats
  A giant newt (D:1)
  A rat (D:1)
27 creatures vanquished.

Notes
Turn   | Place    | Note
-------+----------+-------------------------------------------
     0 | D:1      | CInkIbrahim the Octopode Gladiator began the quest for the Orb.
     0 | D:1      | Reached XP level 1. HP: 14/14 MP: 1/1
    70 | D:1      | Reached XP level 2. HP: 19/19 MP: 2/2
   308 | D:1      | Reached skill level 4 in Polearms
   320 | D:1      | Reached XP level 3. HP: 19/24 MP: 3/3
   718 | D:2      | Quit the game

Vault maps used:
D:1:      mrwooster_arrival_arrow, minmay_pentomino_r2
D:2:      serial_bayou_lagoon_a

Skill      XL: |  1  2 |
---------------+-------+-----
Polearms       | 4 |  4.4
Fighting       | |  2.0
Throwing       | |  2.0
Dodging        | |  3.0

Action                   || total
-------------------------++-------
Melee: Trident           ||    56
       Tentacles         ||     4
       Constrict         ||     7
  Use: Scroll            ||     3
 Stab: Sleeping          ||     5
Armor: Skin              ||     6
Dodge: Dodged            ||    18
